Map: Proxima Station LE

Players

Krr - Winner!

  • Race: Protoss Protoss
  • Spawn Location: 1:00

ParanOid

  • Race: Zerg Zerg
  • Spawn Location: 7:00

Event: IEM XI Katowice - World Championship 2017

VOD

Have the link to the VOD?

Description

Time

  • Played on: Feb. 28, 2017, 5:48 a.m.
  • Length: 9:42

All games in this series

Show
View Real Time Build Order
Export as new Build Order

Krr Protoss - Winner!

Build Orders: 1 Gate Expand, Oracle Opening, Carrier Rush 

Get SALT Encoding   

  12  0:00  Probe (Chrono Boost)  
  13  0:11  Probe (Chrono Boost)  
  14  0:18  Pylon  
  14  0:22  Probe (Chrono Boost)  
  15  0:36  Probe (Chrono Boost)  
  15  0:38  Gateway  
  16  0:44  Assimilator  
  16  0:47  Probe (Chrono Boost)  
  17  0:58  Probe (Chrono Boost)  
  18  1:08  Probe (Chrono Boost)  
  19  1:21  Nexus  
  19  1:25  Probe (Chrono Boost)  
  20  1:34  Cybernetics Core  
  20  1:38  Probe (Chrono Boost)  
  21  1:43  Assimilator  
  21  1:48  Probe (Chrono Boost)  
  21  1:53  Pylon  
  22  1:59  Probe (Chrono Boost)  
  23  2:07  Adept  
  23  2:13  Probe (Chrono Boost)  
  26  2:24  Stargate  
  26  2:25  Probe (Chrono Boost)  
  27  2:30  Stalker  
  30  2:37  Probe (Chrono Boost)  
  30  2:39  Probe (Chrono Boost)  
  30  2:43  Warp Gate  
  31  2:49  Probe x2 (Chrono Boost)  
  32  2:54  Assimilator  
  32  2:58  Assimilator  
  32  3:00  Probe (Chrono Boost)  
  32  3:01  Probe (Chrono Boost)  
  34  3:06  Oracle  
  34  3:12  Probe (Chrono Boost)  
  39  3:13  Probe (Chrono Boost)  
  39  3:24  Probe x2 (Chrono Boost)  
  41  3:27  Pylon  
  41  3:35  Probe (Chrono Boost)  
  41  3:36  Probe (Chrono Boost)  
  41  3:38  Stargate  
  43  3:45  Probe (Chrono Boost)  
  43  3:48  Probe (Chrono Boost)  
  45  3:57  Probe (Chrono Boost)  
  45  4:00  Probe (Chrono Boost), Fleet Beacon  
  47  4:03  Pylon  
  47  4:08  Pylon  
  47  4:09  Probe (Chrono Boost)  
  48  4:12  Probe (Chrono Boost)  
  49  4:20  Probe (Chrono Boost)  
  51  4:24  Probe (Chrono Boost)  
  51  4:30  Probe (Chrono Boost)  
  52  4:32  Carrier x2  
  52  4:36  Probe (Chrono Boost)  
  65  4:49  Protoss Air Weapons Level 1  
  65  4:59  Probe (Chrono Boost)  
  68  5:00  Mothership Core (Chrono Boost)  
  68  5:02  Pylon  
  68  5:13  Probe (Chrono Boost)  
  67  5:20  Probe (Chrono Boost)  
  68  5:22  Graviton Catapult  
  68  5:25  Nexus  
  68  5:28  Stargate  
  68  5:29  Pylon  
  68  5:33  Forge  
  70  5:35  Probe (Chrono Boost)  
  70  5:36  Probe (Chrono Boost)  
  70  5:37  Pylon  
  70  5:47  Probe (Chrono Boost)  
  70  5:48  Probe (Chrono Boost)  
  72  5:52  Void Ray x2  
  80  6:06  Probe (Chrono Boost)  
  80  6:07  Assimilator, Probe (Chrono Boost)  
  82  6:11  Assimilator  
  82  6:17  Void Ray  
  88  6:18  Probe (Chrono Boost)  
  88  6:19  Probe (Chrono Boost)  
  88  6:29  Carrier  
  88  6:31  Probe x2 (Chrono Boost)  
  88  6:32  Pylon  
  90  6:33  Pylon  
  90  6:42  Void Ray  
  103  6:54  Probe (Chrono Boost)  
  103  6:55  Probe x2 (Chrono Boost)  
  103  7:02  Void Ray  
  103  7:05  Protoss Air Weapons Level 2  
  103  7:07  Probe (Chrono Boost)  
  110  7:08  Probe x2 (Chrono Boost)  
  110  7:18  Probe (Chrono Boost)  
  110  7:20  Probe (Chrono Boost), Photon Cannon  
  110  7:21  Probe (Chrono Boost), Photon Cannon  
  113  7:23  Stargate, Void Ray  
  117  7:32  Pylon  
  117  7:35  Photon Cannon  
  117  7:47  Carrier  
  117  7:50  Void Ray  
  123  7:54  Probe (Chrono Boost)  
  123  7:55  Probe x2 (Chrono Boost)  
  130  8:04  Robotics Facility  
  130  8:06  Pylon  
  130  8:08  Pylon  
  130  8:10  Pylon  
  130  8:18  Void Ray  
  130  8:24  Pylon, Void Ray  
  130  8:27  Pylon, Void Ray  
  142  8:35  Stargate  
  134  8:56  Void Ray  
  138  9:12  Observer  
Show
View Real Time Build Order
Export as new Build Order

ParanOid Zerg 

Build Orders: Hatch First 

Get SALT Encoding   

  12  0:01  Drone  
  13  0:12  Overlord  
  13  0:17  Drone  
  14  0:30  Drone x2  
  14  0:35  Drone  
  17  0:53  Hatchery  
  17  0:56  Drone  
  17  0:58  Drone  
  18  1:11  Extractor  
  18  1:14  Spawning Pool  
  18  1:16  Drone  
  17  1:20  Drone  
  18  1:28  Drone  
  19  1:38  Overlord  
  19  1:50  Drone  
  20  2:00  Drone  
  21  2:02  Queen  
  21  2:05  Queen  
  21  2:06  Zergling x2  
  26  2:10  Metabolic Boost  
  26  2:12  Drone  
  27  2:18  Drone  
  28  2:24  Drone  
  28  2:29  Drone  
  30  2:41  Hatchery  
  29  2:44  Drone  
  29  2:50  Zergling x2  
  31  2:52  Drone x2  
  31  2:54  Zergling x2  
  34  3:00  Drone  
  34  3:03  Pneumatized Carapace  
  35  3:07  Overlord  
  35  3:18  Overlord  
  35  3:22  Overlord  
  35  3:31  Drone  
  36  3:37  Spore Crawler  
  36  3:39  Spore Crawler, Drone x2  
  36  3:40  Drone x2  
  38  3:44  Drone  
  38  3:45  Queen, Drone  
  42  3:50  Drone x2  
  42  3:52  Drone  
  42  3:54  Drone  
  46  3:56  Drone  
  46  3:58  Drone  
  46  4:00  Drone  
  46  4:02  Drone  
  50  4:04  Drone  
  50  4:08  Overlord  
  51  4:10  Drone  
  51  4:16  Drone x2  
  54  4:18  Drone  
  54  4:22  Extractor x2  
  53  4:25  Spore Crawler  
  53  4:26  Drone x3  
  53  4:28  Drone x2  
  53  4:30  Drone  
  58  4:34  Drone x2  
  58  4:35  Drone  
  58  4:37  Drone  
  62  4:42  Overlord  
  62  4:46  Lair  
  62  4:51  Drone  
  62  4:52  Drone  
  64  4:53  Overlord, Drone x2  
  64  4:54  Overlord  
  64  4:57  Extractor  
  64  4:58  Overlord, Extractor x2  
  63  5:02  Evolution Chamber  
  63  5:05  Overlord  
  60  5:15  Zergling x10  
  60  5:18  Drone  
  60  5:19  Drone  
  66  5:24  Drone  
  66  5:25  Drone x2  
  69  5:28  Zerg Melee Weapons Level 1  
  69  5:30  Drone x3  
  69  5:31  Drone  
  69  5:32  Hatchery, Drone  
  69  5:33  Drone  
  74  5:42  Drone x2  
  76  5:46  Spire  
  76  5:47  Drone  
  76  5:48  Baneling Nest  
  75  5:50  Spire  
  75  5:52  Infestation Pit, Drone  
  74  5:58  Drone  
  74  5:59  Drone  
  74  6:00  Drone x6  
  82  6:12  Spire  
  82  6:14  Drone x2  
  82  6:16  Drone  
  84  6:21  Queen  
  86  6:28  Hatchery, Drone  
  86  6:29  Drone x5  
  86  6:31  Hive  
  91  6:33  Centrifical Hooks  
  91  6:47  Queen  
  89  7:02  Overlord x2  
  89  7:03  Overlord  
  87  7:08  Overlord  
  87  7:16  Zerg Flyer Weapons Level 1  
  87  7:18  Overlord x2  
  87  7:20  Queen  
  87  7:22  Queen  
  89  7:23  Drone  
  89  7:28  Zerg Flyer Armor Level 1, Corruptor x5  
  102  7:30  Overseer  
  102  7:33  Hatchery, Drone  
  102  7:34  Drone x6  
  102  7:35  Drone  
  109  7:37  Drone  
  109  7:38  Drone  
  109  7:42  Drone x3  
  114  7:46  Corruptor  
  112  7:54  Corruptor x2, Extractor  
  112  7:58  Extractor  
  114  8:06  Overlord, Ultralisk Cavern  
  114  8:10  Corruptor x3  
  114  8:11  Corruptor  
  121  8:15  Spore Crawler  
  120  8:24  Queen  
  120  8:25  Corruptor x2  
  120  8:26  Corruptor  
  128  8:39  Drone x3  
  131  8:43  Overlord  
  131  8:44  Overlord x7  
  131  8:55  Corruptor x3  
  121  8:57  Corruptor  
  121  8:58  Corruptor  
  113  9:02  Corruptor  
  113  9:03  Corruptor  
  113  9:05  Corruptor  
  113  9:09  Corruptor  
  109  9:11  Corruptor  

Tags
 
Add a new tag
Caveats
  • Supply blocks, unpowered buildings, or Contaminate may cause inaccurate times.
  • Supply counts are checked every 10 seconds.